 Dungeon Crawl Stone Soup version 0.30-a0-25-gacc37e2db0 (webtiles) character file.

Game seed: 15698311325911261897

99530 Murumi the Peltast (level 16, 0/130 HPs)
             Began as a Formicid Fighter on Aug 24, 2022.
             Was the Champion of Okawaru.
             Slain by a five-headed hydra (9 damage)
             ... on level 14 of the Dungeon on Aug 25, 2022.
             The game lasted 02:01:22 (34175 turns).

Murumi the Peltast (Formicid Fighter)              Turns: 34175, Time: 02:01:23

Health: 0/130      AC: 40    Str: 24    XL:     16   Next: 76%
Magic:  17/22      EV:  8    Int: 17    God:    Okawaru [******]
Gold:   900        SH: 22    Dex: 13    Spells: 15/15 levels left

rFire   + . .      SeeInvis +    g - +3 great mace
rCold   + . .      Faith    +    h - +0 tower shield
rNeg    . . .      Spirit   .    L - +9 scales of the Dragon King {rPois rF+ rC+ Will+}
rPois   +          Reflect  .    (helmet unavailable)
rElec   .          Harm     .    M - +0 cloak {rPois}
rCorr   .          Rampage  +    (no gloves)
Will    ++...                    x - +2 pair of boots {rampage}
Stlth   ..........               t - amulet of faith
HPRegen 0.31/turn                b - +4 ring of protection
MPRegen 0.18/turn                I - ring "Jeusinlox" {Fly Int+4 Slay+3}

@: heroic, finesse-ful, flying, studying Poison Magic
A: permanent stasis, dig shafts and tunnels, antennae 3, four strong arms
a: Dig, Shaft Self, Renounce Religion, Heroism, Finesse, Duel


You were on level 14 of the Dungeon.
You worshipped Okawaru.
Okawaru was exalted by your worship.
You visited 4 branches of the dungeon, and saw 22 of its levels.
You also visited: Bailey.

You collected 2242 gold pieces.
You spent 1342 gold pieces at shops.

Inventory:

Hand Weapons
 g - a +3 great mace (weapon)
 D - a +4 giant spiked club
Missiles
 a - 24 poisoned darts
 e - 6 javelins
 k - 3 silver boomerangs
 l - 9 throwing nets
 v - 3 boomerangs (quivered)
 w - 25 stones
 z - 5 atropa-tipped darts
 H - 4 curare-tipped darts
 P - 2 boomerangs of dispersal
Armour
 h - a +0 tower shield (worn)
 x - a +2 pair of boots of rampaging (worn)
 L - the +9 scales of the Dragon King (worn) {rPois rF+ rC+ Will+}
   (Okawaru gifted it to you on level 2 of the Lair of Beasts)

   rF:        It protects you from fire.
   rC:        It protects you from cold.
   rPois:     It protects you from poison.
   Will:      It increases your willpower.
 M - a +0 cloak of poison resistance (worn)
Jewellery
 b - a +4 ring of protection (left hand)
 n - a ring of ice
 t - an amulet of faith (around neck)
 y - a ring of resist corrosion
 F - a ring of willpower
 I - the ring "Jeusinlox" (right hand) {Fly Int+4 Slay+3}
   (You found it on level 5 of the Lair of Beasts)

   [ring of flight]

   Int:       It affects your intelligence (+4).
   Slay:      It affects your accuracy & damage with ranged weapons and melee
   (+3).
   Fly:       It grants you flight.
Wands
 f - a wand of flame (68)
 j - a wand of polymorph (14)
 u - a wand of roots (10)
 N - a wand of acid (11)
 O - a wand of digging (8)
Scrolls
 o - a scroll of fog
 q - 6 scrolls of magic mapping
 A - 3 scrolls of fear
 B - 2 scrolls of silence
Potions
 c - 15 potions of curing
 d - 4 potions of might
 i - 5 potions of brilliance
 m - 3 potions of attraction
 p - 11 potions of mutation
 r - 3 potions of resistance
 s - a potion of magic
 C - 2 potions of ambrosia
 E - 8 potions of heal wounds
 K - 2 potions of invisibility
 R - a potion of cancellation
Miscellaneous
 G - a phial of floods
 J - a piece from Xom's chessboard (15/15)


   Skills:
 - Level 13.0(18.0) Fighting
 - Level 11.0(16.0) Maces & Flails
 - Level 11.0(16.0) Throwing
 - Level 13.0(18.0) Armour
 - Level 5.0(10.0) Dodging
 - Level 10.0(15.0) Stealth
 + Level 17.3(22.3) Shields
 - Level 9.0 Invocations
 - Level 7.0 Evocations


You had 15 spell levels left.
You didn't know any spells.
Your spell library contained the following spells:

 Spells                   Type           Power      Damage    Failure   Level
 Apportation              Tloc           0%         N/A       100%        1
 Necrotise                Necr           0%         1d4       100%        1
 Sandblast                Erth           0%         2d4       100%        1
 Ensorcelled Hibernation  Hex/Ice        0%         N/A       100%        2
 Passwall                 Tmut/Erth      0%         N/A       100%        2
 Static Discharge         Conj/Air       0%         3-3/arc   100%        2
 Conjure Flame            Conj/Fire      0%         6-21      100%        3
 Dazzling Flash           Conj/Hex       0%         N/A       100%        3
 Ignite Poison            Fire/Tmut/Pois 0%         N/A       100%        3
 Portal Projectile        Hex/Tloc       0%         N/A       100%        3
 Stone Arrow              Conj/Erth      0%         3d7       100%        3
 Vampiric Draining        Necr           0%         2d6       100%        3
 Cause Fear               Hex            0%         N/A       100%        4
 Dispel Undead            Necr           0%         3d6       100%        4
 Leda's Liquefaction      Hex/Erth       0%         N/A       100%        4
 Passage of Golubria      Tloc           0%         N/A       100%        4
 Sticky Flame             Conj/Fire      0%         2d3       100%        4
 Agony                    Necr           0%         N/A       100%        5
 Borgnjor's Vile Clutch   Necr/Erth      0%         N/A       100%        5
 Silence                  Hex/Air        0%         N/A       100%        5
 Yara's Violent Unravell  Hex/Tmut       0%         3d3       100%        5
 Dragon Form              Tmut           0%         N/A       100%        7
 Summon Small Mammal      Summ           Unusable   N/A       N/A         1
 Call Canine Familiar     Summ           Unusable   N/A       N/A         3
 Swiftness                Air            Unusable   N/A       N/A         3
 Tukima's Dance           Hex            Unusable   N/A       N/A         3
 Animate Dead             Necr           Unusable   N/A       N/A         4
 Death Channel            Necr           Unusable   N/A       N/A         6
 Dragon's Call            Summ           Unusable   N/A       N/A         9

Dungeon Overview and Level Annotations

Branches:
Dungeon (14/15)            Temple (1/1) D:4            Lair (5/5) D:10
  Swamp (0/4) Lair:3        Snake (0/4) Lair:3        Slime (0/5) Lair:4
    Orc (2/2) D:10            Elf (0/3) Orc:2        Vaults (0/5) D:13
 Bailey (visited)

Altars:
Ashenzari
Cheibriados
Dithmenos
Elyvilon
Fedhas
Gozag
Hepliaklqana
Kikubaaqudgha
Makhleb
Nemelex Xobeh
Okawaru
Qazlal
Ru
Sif Muna
Trog
Uskayaw
Vehumet
Wu Jian
Xom
Yredelemnul
Zin
The Shining One
Ignis
Jiyva

Shops:
D:4 (   D:7 *   D:11 !   D:12 ?   Orc:2 =?!!

Annotations:
D:14 1 transporter, fly's ghost, journeyman DgDe


Innate Abilities, Weirdness & Mutations

You cannot be hasted, slowed, berserked, paralysed or teleported.
You can dig through walls and to a lower floor.
You have a pair of large antennae on your head. (SInv)
Your four strong arms can wield two-handed weapons with a shield.


Message History

The five-headed hydra bites you but does no damage.
The five-headed hydra barely misses you.
You hear a deafening roar!
You feel much better.
You block the five-headed hydra's attack.
The five-headed hydra bites you.
* * * LOW HITPOINT WARNING * * *
You block the five-headed hydra's attack.
The five-headed hydra bites you but does no damage.
You block the five-headed hydra's attack.
You bludgeon the five-headed hydra!!
The five-headed hydra is heavily wounded.
You block the five-headed hydra's attack. x2
The five-headed hydra bites you but does no damage. x2
The five-headed hydra barely misses you.
Unknown command.
You bludgeon the five-headed hydra!!
The five-headed hydra is almost dead.
The manticore bites you!
* * * LOW HITPOINT WARNING * * *
You block the manticore's attack.
The manticore claws you but does no damage.
The moth of wrath angrily waves its antennae.
The five-headed hydra bites you but does no damage.
You block the five-headed hydra's attack.
The five-headed hydra barely misses you.
The five-headed hydra bites you!
* * * LOW HITPOINT WARNING * * *
You block the five-headed hydra's attack.
As you read the scroll of fear, it crumbles to dust.
You assume a fearsome visage.
The catoblepas is unaffected.
The five-headed hydra is unaffected.
The manticore is unaffected.
The harpy looks frightened!
The moth of wrath resists with some effort.
Fly's ghost is unaffected.
The moth of wrath looks frightened!
The manticore misses you. You block the manticore's attack.
The manticore claws you but does no damage.
You block the five-headed hydra's attack.
The five-headed hydra bites you!
You die...

......................#....#.....
.)................#...##...#.....
..................+.........#....
#.....#####.......######.........
...###...........................
...# #..).....###©####...........
...# #.......##.###..#####.......
...###......##......#....#.......
............#.YH@#{..#...##......
..[...#.....#..##Dy#......#......
......#.....#...#Wy©..##YH#....#.
......#....##.#..Y..#.....#....#.
......#....#....###H..##.##......
......#....##..#.$!!|$...#.......
......#.....###. #####..##.......
###'###.......####.©.####....)...
......##.........................


You could see 2 catoblepae, a five-headed hydra (berserk), a manticore
(berserk), 2 moths of wrath, a harpy (fleeing) and fly's ghost.

Vanquished Creatures
  Jorgrun (D:12)
  Snorg (Orc:1)
  Josephine (D:12)
  The ghost of Zero the Warrior, a journeyman GrBe of Trog (Lair:1)
  A fire dragon (Lair:2)
  8 vault guards (D:13)
  11 hydras
  Harold (Orc:1)
  A catoblepas (D:14)
  2 boulder beetles
  A merfolk avatar (Lair:5)
  4 ogre magi (Orc:2)
  A centaur warrior (D:14)
  8 death yaks
  18 two-headed ogres
  4 tengu warriors
  Sonja (Orc:1)
  Amaemon (D:10)
  2 sea snakes (Lair:5)
  An orange crystal statue (D:11)
  An obsidian statue (D:11)
  A wizard (D:11)
  Pikel (D:4)
  A bog body (Lair:3)
  3 harpies (Lair:5)
  3 deep elf pyromancers
  2 orc sorcerers
  5 ugly things
  4 oklob plants
  A wolf spider (D:14)
  3 manticores
  5 cyclopes
  Maurice (Orc:2)
  12 elephants
  6 black mambas
  An orange demon (D:10)
  A gargoyle (D:13)
  11 cane toads
  2 unseen horrors (D:12)
  5 rime drakes
  9 komodo dragons
  7 trolls
  3 hornets
  2 polar bears
  2 snapping turtles (Lair:5)
  22 blink frogs
  12 dream sheep
  A spriggan (Bailey)
  A shadow (D:11)
  A vampire (D:12)
  6 wraiths
  41 yaks
  6 wyverns
  A steam dragon (D:6)
  An air elemental (D:14)
  3 basilisks
  2 fire elementals (Lair:2)
  12 vampire mosquitoes
  4 nagas (Lair:3)
  5 wargs
  Edmund (D:5)
  12 water moccasins
  2 acid dragons
  2 hell hounds (Lair:1)
  8 orc warriors
  4 sky beasts
  11 black bears
  An ice beast (D:7)
  34 ogres
  5 wolves (Lair:1)
  6 centaurs
  A phantom (D:4)
  3 kobold brigands
  A gnoll sergeant (D:11)
  14 bullfrogs
  A necrophage (D:6)
  3 scorpions
  4 killer bees (D:8)
  5 howler monkeys
  A lava snake (Lair:2)
  6 crimson imps
  3 hounds
  Crazy Yiuf (D:7)
  11 orc priests
  A gnoll bouda (D:10)
  A jelly (D:5)
  Jessica (D:3)
  Terence (D:3)
  5 iguanas
  33 orc wizards
  8 gnolls
  4 adders
  2 shadow imps
  An ufetubus (D:5)
  A worm (D:5)
  2 dart slugs
  71 orcs
  5 endoplasms
  2 giant cockroaches
  11 goblins
  9 hobgoblins
  11 jackals
  19 kobolds
  4 quokkas
  3 ball pythons
  12 bats
  7 frilled lizards
  6 rats
639 creatures vanquished.

Vanquished Creatures (others)
  A ball python (D:3)
  44 fungi
  51 plants
96 creatures vanquished.

Grand Total: 735 creatures vanquished

Notes
Turn   | Place    | Note
-------+----------+-------------------------------------------
     0 | D:1      | Murumi the Formicid Fighter began the quest for the Orb.
     0 | D:1      | Reached XP level 1. HP: 18/18 MP: 1/1
   292 | D:1      | Reached XP level 2. HP: 25/25 MP: 2/2
   738 | D:1      | Reached XP level 3. HP: 30/30 MP: 3/3
  1111 | D:1      | Reached skill level 1 in Throwing
  1329 | D:1      | You fall into a shaft and drop 1 floor!
  1331 | D:2      | Found the amulet of Elemental Vulnerability {rPois rF--
                  | rC-- AC+8}
  1548 | D:2      | Reached skill level 1 in Stealth
  1720 | D:2      | Reached XP level 4. HP: 37/37 MP: 4/4
  1844 | D:1      | Found a faded altar of an unknown god.
  2669 | D:2      | Reached skill level 1 in Dodging
  2871 | D:3      | Reached XP level 5. HP: 38/42 MP: 5/5
  3180 | D:3      | Noticed Terence
  3196 | D:3      | Killed Terence
  3217 | D:3      | Reached XP level 6. HP: 38/48 MP: 6/6
  3397 | D:3      | Found a glowing golden altar of the Shining One.
  3399 | D:3      | Noticed an angel
  3404 | D:3      | Found a basalt altar of Yredelemnul.
  3406 | D:3      | Noticed a profane servitor
  3557 | D:3      | Found a faded altar of an unknown god.
  3632 | D:3      | Noticed Jessica
  3645 | D:3      | Killed Jessica
  3687 | D:3      | Reached skill level 5 in Shields
  3797 | D:3      | Found a bloodstained altar of Trog.
  3875 | D:3      | Found a hide-covered altar of Uskayaw.
  4139 | D:4      | Found a staircase to the Ecumenical Temple.
  4147 | Temple   | Entered the Ecumenical Temple
  4203 | Temple   | Became a worshipper of Warmaster Okawaru
  4271 | D:4      | Reached skill level 6 in Shields
  4271 | D:4      | Reached skill level 1 in Invocations
  4271 | D:4      | Reached XP level 7. HP: 54/54 MP: 6/8
  4419 | D:4      | Found a shimmering altar of Xom.
  4442 | D:4      | Reached skill level 1 in Evocations
  4627 | D:4      | Found Duero's Weapon Boutique.
  4635 | D:4      | Bought a +0 great mace for 71 gold pieces
  4657 | D:4      | Noticed Pikel
  4689 | D:4      | Killed Pikel
  4689 | D:4      | Reached * piety under Okawaru
  4689 | D:4      | Reached ** piety under Okawaru
  4690 | D:4      | Reached skill level 5 in Fighting
  4690 | D:4      | Reached XP level 8. HP: 56/62 MP: 9/9
  4807 | D:4      | Reached skill level 5 in Armour
  5158 | D:5      | Entered Level 5 of the Dungeon
  5159 | D:5      | Found an opulent altar of Gozag.
  5173 | D:4      | Reached skill level 7 in Shields
  5655 | D:5      | Reached skill level 8 in Shields
  5758 | D:5      | Found a shimmering blue altar of Sif Muna.
  5769 | D:5      | Reached XP level 9. HP: 63/68 MP: 11/11
  6028 | D:5      | Noticed Edmund
  6043 | D:5      | Killed Edmund
  6043 | D:5      | Reached *** piety under Okawaru
  6170 | D:5      | Found a faded altar of an unknown god.
  6182 | D:5      | Reached skill level 5 in Maces & Flails
  6197 | D:5      | Found a hazy altar of Hepliaklqana.
  6372 | D:5      | Reached skill level 5 in Throwing
  6512 | D:5      | Upgraded the game from 0.30-a0-21-g5d08c37080 to
                  | 0.30-a0-25-gacc37e2db0
  7351 | D:7      | Noticed a hornet
  7358 | D:7      | Killed a hornet
  7358 | D:7      | Reached **** piety under Okawaru
  7364 | D:7      | HP: 2/69 [bullfrog (3)]
  7708 | D:7      | Reached skill level 9 in Shields
  7743 | D:7      | Identified the +7 short sword of the Usurping Gods
                  | {protect, rF+}
  7757 | D:7      | Noticed a cyclops
  7762 | D:7      | Killed a cyclops
  7762 | D:7      | Received a gift from Okawaru
  7763 | D:7      | Reached XP level 10. HP: 69/77 MP: 11/13
  7886 | D:7      | Found Xucadgh's Fire Supplies.
  8569 | D:7      | Found a runed translucent door.
  8570 | D:7      | Noticed Crazy Yiuf
  8662 | D:7      | Killed Crazy Yiuf
  9759 | D:8      | Reached skill level 5 in Stealth
 10108 | D:8      | Found a burning altar of Makhleb.
 10148 | D:8      | Found a glowing silver altar of Zin.
 10205 | D:8      | Found a transporter.
 10206 | D:8      | Found a transporter.
 10206 | D:8      | Noticed a boulder beetle
 10351 | D:8      | Killed a boulder beetle
 10352 | D:8      | Reached skill level 10 in Shields
 10541 | D:9      | Noticed a two-headed ogre
 10604 | D:9      | Killed a two-headed ogre
 10605 | D:9      | Reached XP level 11. HP: 14/86 MP: 14/14
 11237 | D:9      | Noticed a two-headed ogre
 11245 | D:9      | Killed a two-headed ogre
 11245 | D:9      | Reached ***** piety under Okawaru
 12356 | D:10     | Entered Level 10 of the Dungeon
 12357 | D:10     | Noticed Amaemon
 12379 | D:10     | Killed Amaemon
 12379 | D:10     | Received a gift from Okawaru
 12418 | D:10     | Reached skill level 11 in Shields
 12437 | D:10     | Reached skill level 5 in Invocations
 12441 | D:10     | Received a gift from Okawaru
 12511 | D:10     | Found a flagged portal.
 12517 | Bailey   | Entered a bailey
 12821 | Bailey   | Noticed a two-headed ogre
 12835 | Bailey   | Killed a two-headed ogre
 12846 | Bailey   | HP: 2/87 [spriggan/+0 trident (12)]
 13550 | D:10     | Identified the +2 ring mail "Waneor" {rF+ Int+4} (Okawaru
                  | gifted it to you on level 10 of the Dungeon)
 13550 | D:10     | Received a gift from Okawaru
 13558 | D:10     | Reached XP level 12. HP: 67/95 MP: 15/15
 13840 | D:10     | Found a staircase to the Lair.
 13881 | D:10     | Identified the +0 chain mail of the Wild Haggis {Stlth+}
 14064 | D:10     | Found a staircase to the Orcish Mines.
 14096 | D:10     | Identified the +1 leather armour "Vacu" {rPois Str+4}
 14275 | Lair:1   | Entered Level 1 of the Lair of Beasts
 14311 | Lair:1   | Found a dark tunnel.
 15027 | Lair:1   | Noticed a five-headed hydra
 15047 | Lair:1   | Killed a five-headed hydra
 15048 | Lair:1   | Reached skill level 12 in Shields
 15232 | Lair:1   | Found a runed translucent door.
 15232 | Lair:1   | Noticed Zero's ghost (journeyman GrBe)
 15953 | Lair:1   | Killed Zero's ghost
 15954 | Lair:1   | Reached skill level 5 in Evocations
 16476 | Lair:2   | Noticed a six-headed hydra
 16487 | Lair:2   | Killed a six-headed hydra
 16487 | Lair:2   | Identified the +6 mace of Profit {vorpal, rElec rCorr Str+3
                  | Int-5} (Okawaru gifted it to you on level 2 of the Lair of
                  | Beasts)
 16487 | Lair:2   | Received a gift from Okawaru
 16492 | Lair:2   | Reached skill level 10 in Fighting
 16541 | Lair:2   | Reached XP level 13. HP: 10/103 MP: 17/17
 17152 | Lair:2   | Reached skill level 10 in Armour
 17486 | Lair:2   | Reached skill level 13 in Shields
 18143 | Lair:2   | Received a gift from Okawaru
 18143 | Lair:2   | Found the +9 scales of the Dragon King {rPois rF+ rC+
                  | Will+}
 18637 | Lair:2   | Noticed a fire dragon
 19211 | Lair:2   | HP: 4/103 [fire dragon/blast of flame (32)]
 19216 | Lair:2   | Killed a fire dragon
 20366 | Lair:3   | Reached skill level 14 in Shields
 20409 | Lair:3   | Found a staircase to the Snake Pit.
 20825 | Lair:3   | You fall into a shaft and drop 2 floors!
 20825 | Lair:5   | Entered Level 5 of the Lair of Beasts
 21140 | Lair:5   | Noticed a four-headed hydra
 21149 | Lair:5   | Noticed a seven-headed hydra
 21152 | Lair:5   | Killed a four-headed hydra
 21157 | Lair:5   | Killed a seven-headed hydra
 21383 | Lair:5   | Reached XP level 14. HP: 72/108 MP: 19/19
 22033 | Lair:5   | Received a gift from Okawaru
 22115 | Lair:5   | Received a gift from Okawaru
 22145 | Lair:5   | Reached skill level 10 in Maces & Flails
 22250 | Lair:5   | Identified the +7 mace "Uryademy" {flame, *Slow rC+ Int-5
                  | Dex+8} (Okawaru gifted it to you on level 5 of the Lair of
                  | Beasts)
 22250 | Lair:5   | Received a gift from Okawaru
 22407 | Lair:5   | Identified the ring "Jeusinlox" {Fly Int+4 Slay+3}
 22600 | Lair:5   | Reached skill level 10 in Throwing
 23242 | Lair:4   | Identified the +0 ring mail of the Orb {rF- rC+ Int+4
                  | Stlth+} (Okawaru gifted it to you on level 4 of the Lair of
                  | Beasts)
 23242 | Lair:4   | Received a gift from Okawaru
 23402 | Lair:3   | Found a staircase to the Swamp.
 23865 | Lair:4   | Reached skill level 15 in Shields
 24896 | Lair:4   | Found a viscous altar of Jiyva.
 25122 | Lair:4   | Found a staircase to the Slime Pits.
 25135 | Lair:4   | Reached XP level 15. HP: 100/118 MP: 20/20
 25882 | Orc:1    | Entered Level 1 of the Orcish Mines
 25905 | Orc:1    | Noticed Harold
 25923 | Orc:1    | Killed Harold
 26038 | Orc:2    | Entered Level 2 of the Orcish Mines
 26038 | Orc:2    | Found a staircase to the Elven Halls.
 26191 | Orc:1    | Reached ****** piety under Okawaru
 26477 | Orc:1    | Noticed Sonja
 26481 | Orc:1    | Noticed Snorg
 26502 | Orc:1    | HP: 4/113 [Snorg (10)]
 26505 | Orc:1    | Killed Snorg
 26536 | Orc:1    | Killed Sonja
 27539 | Orc:2    | Reached skill level 16 in Shields
 27539 | Orc:2    | Identified the +1 plate armour of the Durable God {rF+
                  | Slay+3} (Okawaru gifted it to you on level 2 of the Orcish
                  | Mines)
 27539 | Orc:2    | Received a gift from Okawaru
 27562 | Orc:2    | Reached skill level 5 in Dodging
 27895 | Orc:2    | Found Lown's Magic Scroll Boutique.
 27895 | Orc:2    | Found Axzesoiq's Jewellery Shoppe.
 27896 | Orc:2    | Found Uplusi's Distillery.
 27896 | Orc:2    | Found Fiakiv's Distillery.
 27911 | Orc:2    | Bought an amulet of faith for 600 gold pieces
 27919 | Orc:2    | Bought a potion of heal wounds for 60 gold pieces
 27919 | Orc:2    | Bought a potion of heal wounds for 60 gold pieces
 27919 | Orc:2    | Bought 2 potions of heal wounds for 120 gold pieces
 27920 | Orc:2    | Bought a potion of heal wounds for 55 gold pieces
 27920 | Orc:2    | Bought a potion of heal wounds for 55 gold pieces
 27920 | Orc:2    | Bought a potion of heal wounds for 55 gold pieces
 28149 | Orc:2    | Found a shimmering blue altar of Sif Muna.
 28194 | Orc:2    | Noticed Maurice
 28218 | Orc:2    | Killed Maurice
 28361 | Orc:2    | Bought 2 scrolls of identify for 56 gold pieces
 29151 | D:11     | Found Naxurr's Distillery.
 29658 | D:12     | Noticed Josephine
 29688 | D:12     | Received a gift from Okawaru
 29758 | D:12     | Killed Josephine
 29759 | D:12     | Reached XP level 16. HP: 125/127 MP: 22/22
 29778 | D:12     | Received a gift from Okawaru
 29810 | D:12     | Noticed Jorgrun
 29830 | D:12     | Killed Jorgrun
 30267 | D:12     | Received a gift from Okawaru
 30296 | D:12     | Found Kit Umi's Magic Scroll Shop.
 30302 | D:12     | Bought a scroll of enchant weapon for 105 gold pieces
 30302 | D:12     | Bought a scroll of enchant weapon for 105 gold pieces
 31392 | D:13     | Reached skill level 17 in Shields
 31787 | D:13     | Received a gift from Okawaru
 32187 | D:13     | Found a gate to the Vaults.
 32952 | D:14     | Found a transporter.
 33261 | D:14     | Noticed fly's ghost (journeyman DgDe)
 33320 | D:14     | Reached skill level 10 in Stealth
 33549 | D:14     | Found a transporter.
 33866 | D:14     | Received a gift from Okawaru
 33969 | D:14     | Identified a scroll of acquirement
 33969 | D:14     | Acquired a manual of Poison Magic
 34171 | D:14     | HP: 5/130 [five-headed hydra (12)]
 34175 | D:14     | Slain by a five-headed hydra

Illustrated notes

Levels and vault maps discovered:
D:1:      minmay_arrival_shattered_statue, layout_basic,
          shapermc_ecumenical_altar_notcrosses
D:2:      layout_loops_ring
D:3:      layout_basic, grunt_temple_overflow_holy_war, trog_butcher_becter,
          nicolae_overflow_ecumenical_swirl, kennysheep_minor_cross,
          uniq_jessica, uniq_terence
D:4:      layout_gridville, led_xom_imps, minmay_temple_entry_junction,
          serial_shops, nicolae_shop_bloodbath_and_beyond,
          minmay_misc_feat_plants, uniq_pikel
D:5:      layout_loops_ring, lemuel_doored_altar,
          beargit_hepliaklqana_dungeon_heroes, nicolae_gozag_seed_capital,
          uniq_edmund
D:6:      layout_loops_ring, hangedman_abyss_or_decor_jellyfish_corner,
          minmay_crystal_room, solitary_fountain
D:7:      layout_basic, nicolae_shop_fire_sale [nicolae_sub_dead_trees],
          uniq_crazy_yiuf_cottage
D:8:      gammafunk_boulding_lane, layout_basic, makhleb_grotto_becter,
          zin_statuary
D:9:      layout_loops_ring
D:10:     layout_rooms, lair_entry_dummy, hiddenorc1_lemuel, enter_bailey_3,
          uniq_amaemon
D:11:     minmay_separated_statues, layout_stronghold, serial_shops, shop,
          lightli_wizard_tower
D:12:     layout_loops_corners, serial_shops, nicolae_shop_waterfront,
          uniq_josephine, uniq_jorgrun
D:13:     layout_loops_ring, erik_vaults_2
D:14:     layout_basic, gammafunk_ghost_berserking_beasts,
          kennysheep_another_room, dreamdust_looks_like_rain
Temple:   pdpol_scorched_temple
Lair:1:   layout_gridlike, gammafunk_ghost_grave, enter_volcano_3,
          dpeg_stationary_puzzle, grunt_megastairs_3, serial_bayou_shore_b
Lair:2:   dragon1_lemuel, layout_layer_cave, hangedman_lair_generics_rect
Lair:3:   layout_gridlike, skrybe_swamp_entry_bodies,
          minmay_snake_entry_guardpost_small, beast_lair_carwin_10,
          lemuel_fruit_tree
Lair:4:   layout_layer_cave, minmay_slime_entry_oklob_enclosed
Lair:5:   gammafunk_lair_ancient_temple, layout_layer_cave, minivault_23
Orc:1:    layout_caves, uniq_sonja, uniq_snorg, uniq_harold
Orc:2:    st_orc_ogre_mass, layout_caves, basic_altar, nicolae_orc_pool_cavern,
          led_sif_book, uniq_maurice

Skill      XL: |  1  2  3  4  5  6  7  8  9 10 11 12 13 14 15 16 |
---------------+-------------------------------------------------+-----
Fighting       | 4 5 6 8 9 10 11 12 13 | 13.0
Armour         | 4 5 6 7 8 9 10 11 12 13 | 13.0
Throwing       | 1 2 3 4 5 6 7 8 9 10 11 | 11.0
Stealth        | 1 2 3 4 5 6 7 8 9 10 | 10.0
Dodging        | 1 2 3 4 5 |  5.0
Maces & Flails | 3 4 5 6 7 8 9 10 11 | 11.0
Shields        | 6 8 9 10 11 12 14 15 16 17 | 17.3
Invocations    | 1 2 3 4 5 6 7 8 9 |  9.0
Evocations     | 2 3 4 5 6 7 |  7.0

Action                   |  1- 3 |  4- 6 |  7- 9 | 10-12 | 13-15 | 16-18 || total
-------------------------+-------+-------+-------+-------+-------+-------++-------
Melee: Flail             |   152 |   122 |       |       |       |       ||   274
       Whip              |       |    34 |    49 |       |       |       ||    83
       Great mace        |       |       |   237 |   672 |   990 |   422 ||  2321
Throw: Stone             |    10 |     7 |    28 |    85 |    84 |       ||   214
       Dart              |       |       |     3 |    16 |     9 |    12 ||    40
       Boomerang         |       |       |       |    21 |   180 |     9 ||   210
Invok: Heroism           |       |       |       |    11 |     6 |     3 ||    20
       Finesse           |       |       |       |     1 |     2 |     1 ||     4
 Abil: Dig               |       |       |     1 |     6 |    14 |     1 ||    22
  Use: Scroll            |     5 |     6 |     8 |     5 |     8 |     7 ||    39
       Potion            |       |       |     1 |       |     7 |     1 ||     9
 Stab: Sleeping          |       |       |       |       |     7 |       ||     7
       Invisible         |       |       |       |       |     2 |       ||     2
Armor: Scale mail        |    91 |     9 |       |       |       |       ||   100
       Chain mail        |       |    47 |   146 |       |       |       ||   193
       Plate armour      |       |       |    15 |   237 |       |       ||   252
       Leather armour    |       |       |       |    63 |   154 |       ||   217
       Gold dragon scale |       |       |       |       |   248 |   350 ||   598
Dodge: Dodged            |    65 |    21 |    52 |   158 |   203 |    85 ||   584
Block: Buckler           |    37 |       |       |       |       |       ||    37
       Tower shield      |    71 |   114 |   277 |   644 |   923 |   479 ||  2508

Table legend: (Time is in decaauts)
 A = Elapsed time spent in this place.
 B = Non-inter-level travel time spent in this place.
 C = Inter-level travel time spent in this place.
 D = Time resting spent in this place.
 E = Time spent auto-exploring this place.
 F = Levels seen in this place.
 G = Mean time per level.
                   A        B        C        D        E       F      G
               +--------+--------+--------+--------+--------+-----+--------+
         Total |  35281 |  32945 |   2336 |   3555 |  22904 |  23 | 1534.0 |
       Dungeon |  19957 |  18417 |   1540 |   1252 |  13397 |  14 | 1425.5 |
        Temple |     67 |     37 |     30 |      0 |     31 |   1 |   67.0 |
          Lair |  11889 |  11232 |    657 |   1105 |   8068 |   5 | 2377.8 |
  Orcish Mines |   2579 |   2472 |    107 |    644 |   1287 |   2 | 1289.5 |
        Bailey |    786 |    786 |      0 |    553 |    120 |   1 |  786.0 |
               +--------+--------+--------+--------+--------+-----+--------+

Top non-repeatable levels by time:
  Lair:2: 3367 daAuts
  Lair:5: 2765 daAuts
  Lair:1: 2310 daAuts
     D:9: 1967 daAuts
    D:10: 1732 daAuts
  Lair:3: 1728 daAuts
  Lair:4: 1717 daAuts
     D:1: 1705 daAuts
     D:8: 1615 daAuts
    D:13: 1508 daAuts
    D:12: 1455 daAuts
     D:5: 1403 daAuts
     D:7: 1361 daAuts
     D:4: 1340 daAuts
    D:14: 1322 daAuts
